 Dungeon Crawl Stone Soup version 0.28.0-1-gb440e238dd (webtiles) character file.

Game seed: 1656676920870989621

65 themarg the Conjurer (level 4, 0/24 HPs)
             Began as a Tengu Conjurer on Feb 22, 2022.
             Slain by an adder (5 damage)
             ... on level 2 of the Dungeon.
             The game lasted 00:04:50 (1764 turns).

themarg the Conjurer (Tengu Conjurer)               Turns: 1764, Time: 00:04:51

Health: 0/24       AC:  2    Str:  8    XL:     4   Next: 13%
Magic:  8/8        EV: 12    Int: 20    God:
Gold:   78         SH:  0    Dex: 12    Spells: 4/7 levels left

rFire   . . .      SeeInvis .   g - +2 dagger (venom)
rCold   . . .      Faith    .   (no shield)
rNeg    . . .      Spirit   .   a - +0 robe
rPois   .          Reflect  .   (helmet restricted)
rElec   .          Harm     .   (no cloak)
rCorr   .          Rampage  .   (no gloves)
Will    .....                   (boots unavailable)
Stlth   ++........              (no amulet)
HPRegen 0.08/turn               (no ring)
MPRegen 0.11/turn               (no ring)

@: lethally poisoned (0 -> -4)
A: beak, talons 3
a: no special abilities


You were on level 2 of the Dungeon.
You visited 1 branch of the dungeon, and saw 2 of its levels.

You collected 78 gold pieces.

Inventory:

Hand Weapons
 g - a +2 dagger of venom (weapon)
Missiles
 b - 40 stones
Armour
 a - a +0 robe (worn)
Jewellery
 c - an amulet of guardian spirit
Scrolls
 e - 3 scrolls of identify {unknown}
 f - a scroll of vulnerability {unknown}


   Skills:
 + Level 0.1 Short Blades
 + Level 2.3 Dodging
 + Level 2.4 Stealth
 + Level 2.4 Spellcasting
 + Level 6.6 Conjurations


You had 4 spell levels left.
You knew the following spells:

 Your Spells              Type           Power      Damage    Failure   Level
a - Magic Dart            Conj           100%       1d8       1%          1
b - Searing Ray           Conj           58%        2d6       1%          2

Your spell library contained the following spells:

 Spells                   Type           Power      Damage    Failure   Level
 Dazzling Flash           Conj/Hex       30%        N/A       12%         3
 Fulminant Prism          Conj/Hex       7%         3d7       36%         4
 Iskenderun's Mystic Bla  Conj/Tloc      15%        2d5       36%         4


Dungeon Overview and Level Annotations

Branches:
Dungeon (2/15)

Altars:


Innate Abilities, Weirdness & Mutations

You have a beak for a mouth.
You have claws for feet.


Message History

The magic dart hits the hobgoblin.
You kill the hobgoblin!
The adder hisses angrily.
Casting: Magic Dart (safe; 1% risk of failure)
Confirm with . or Enter, or press ? or * to list all spells.
Aiming: Magic Dart (safe; 1% risk of failure)
Press: ? - help, Shift-Dir - straight line, f - adder
Aim: an adder (100% to hit)
The magic dart hits the adder.
The adder is heavily wounded.
You climb upwards.
There is a stone staircase leading down here.
You start resting.
Magic restored.
You climb downwards.
The giant cockroach barely misses you. The adder bites you.
You are poisoned.
The adder poisons you! The kobold hits you with a +0 dagger.
The adder completely misses you. The giant cockroach misses you.
The kobold hits you but does no damage.
There is a stone staircase leading up, spattered with blood here.
You barely miss the kobold. Your kick misses the kobold.
You feel sick. The adder bites you.
You are more poisoned.
The adder poisons you! The giant cockroach closely misses you.
The kobold closely misses you.
You hit the kobold but do no damage.
The kobold is poisoned.
Your kick misses the kobold.
You feel very sick. The adder bites you. The giant cockroach barely misses you.
The kobold hits you with a +0 dagger. The adder closely misses you.
You miss the adder. Your kick misses the adder.
You feel sick.
The giant cockroach bites you but does no damage.
The kobold hits you with a +0 dagger. The adder bites you.
The giant cockroach bites you.
* * * LOW HITPOINT WARNING * * *
You closely miss the adder.
* * * LOW HITPOINT WARNING * * *
You feel sick. The adder bites you.
You die...

############
#..........## #
....†.......#..
..............#
..............#
....$..S.......
.......@K......
.......B.......
...............
#...........###
##########...#
....# .... ...#
[. ..#


You could see an adder, a giant cockroach and a kobold (very poisoned).

Vanquished Creatures
  Robin (D:2)
  A dart slug (D:1)
  7 ball pythons
  3 bats
  3 endoplasms (D:1)
  A giant cockroach (D:1)
  9 goblins
  6 hobgoblins
  3 kobolds
  A quokka (D:1)
  3 frilled lizards
  11 rats
49 creatures vanquished.

Notes
Turn   | Place    | Note
-------+----------+-------------------------------------------
     0 | D:1      | themarg the Tengu Conjurer began the quest for the Orb.
     0 | D:1      | Reached XP level 1. HP: 10/10 MP: 4/4
   210 | D:1      | Found a faded altar of an unknown god.
   260 | D:1      | Reached XP level 2. HP: 15/15 MP: 3/6
   314 | D:1      | Learned a level 2 spell: Searing Ray
   457 | D:1      | Reached skill level 6 in Conjurations
   773 | D:1      | Reached XP level 3. HP: 19/19 MP: 5/7
  1529 | D:2      | Noticed Robin
  1547 | D:2      | Killed Robin
  1548 | D:2      | Reached XP level 4. HP: 18/24 MP: 0/8
  1764 | D:2      | Slain by an adder

Illustrated notes

Levels and vault maps discovered:
D:1:      dpeg_arrival_snail, layout_loops_ring, basic_ecumenical_altar,
          minivault_4, hangedman_decor_lopped, amcnicky_mini_corridor_feature,
          hangedman_decor_clover_reticule, minmay_rat_gold_closets
D:2:      layout_rooms, uniq_robin

Skill      XL: |  1  2 |
---------------+-------+-----
Conjurations   | 6 |  6.6
Short Blades   | |  0.1
Dodging        | |  2.3
Stealth        | |  2.4
Spellcasting   | |  2.4

Action                   |  1- 3 |  4- 6 || total
-------------------------+-------+-------++-------
Melee: Short sword       |     9 |       ||     9
       Kick              |     2 |     1 ||     3
       Dagger            |     2 |    11 ||    13
 Cast: Magic Dart        |    63 |     8 ||    71
 Stab: Sleeping          |     3 |       ||     3
Armor: Robe              |       |     3 ||     3
Dodge: Dodged            |     6 |    12 ||    18
